 Dungeon Crawl Stone Soup version 0.22.1-1-ga44c0e5 (webtiles) character file.

109 Starchild the Poker (level 4, 0/33 HPs)
             Began as a Merfolk Skald on Sept 25, 2018.
             Killed by divine providence
             ... invoked by an orc priest
              (9 damage)
             ... on level 2 of the Dungeon.
             The game lasted 00:04:37 (1545 turns).

Starchild the Poker (Merfolk Skald)                 Turns: 1545, Time: 00:04:38

Health: 0/33       AC:  6    Str: 12    XL:     4   Next: 89%
Magic:  7/7        EV: 12    Int: 12    God:
Gold:   88         SH:  0    Dex: 13    Spells: 2/7 levels left

rFire    . . .     SeeInvis .   a - +0 spear
rCold    . . .     Gourm    .   (no shield)
rNeg     . . .     Faith    .   b - +0 leather armour
rPois    .         Spirit   .   (no helmet)
rElec    .         Reflect  .   (no cloak)
rCorr    .         Harm     .   (no gloves)
MR       .....                  m - +2 pair of boots {Stlth+}
Stlth    ++........             (no amulet)
HPRegen  0.11/turn              (no ring)
MPRegen  0.10/turn              (no ring)

@: no status effects
A: change form in water, swift swim, stealthy swim
a: no special abilities


You were on level 2 of the Dungeon.
You were not hungry.

You visited 1 branch of the dungeon, and saw 2 of its levels.

You collected 88 gold pieces.

Inventory:

Hand Weapons
 a - a +0 spear (weapon)
Missiles
 h - 35 stones
 i - 5 javelins (quivered)
Armour
 b - a +0 leather armour (worn)
 m - a +2 pair of boots of stealth (worn)
Scrolls
 c - a scroll of identify {unknown}
 e - a scroll of fog {unknown}
 f - a scroll of immolation {unknown}
 j - a scroll of random uselessness {unknown}
Potions
 g - a potion of resistance {unknown}
 k - 2 potions of degeneration {unknown}
 n - a potion of brilliance {unknown}
Comestibles
 d - 5 rations
 l - 2 chunks of flesh


   Skills:
 - Level 2.1 Fighting
 + Level 6.1 Polearms
 - Level 0.6 Armour
 - Level 2.6 Dodging
 - Level 2.0 Spellcasting
 * Level 4.2 Charms


You had 2 spell levels left.
You knew the following spells:

 Your Spells              Type           Power        Failure   Level  Hunger
a - Infusion              Chrm           ##..         6%          1    ##.....
b - Song of Slaying       Chrm           ##......     9%          2    ###....
c - Shroud of Golubria    Chrm/Tloc      #.........   22%         2    ###....

Your spell library contained the following spells:

 Spells                   Type           Power        Failure   Level  Hunger
 Regeneration             Chrm/Necr      #.........   41%         3    ####...
 Spectral Weapon          Hex/Chrm       #.......     41%         3    ####...


Dungeon Overview and Level Annotations

Branches:
Dungeon (2/15)

Altars:
Ashenzari


Message History

You now have 88 gold pieces (gained 17).
You open the door.
An orc priest comes into view. It is wielding a club.
You feel sick.
An orc, an orc warrior and an orc priest come into view.
The orc shouts!
The orc priest shouts!
The orc warrior shouts!
There is an open door here.
You feel sick.
The orc priest looks braver for a moment.
You feel sick.
You are no longer poisoned.
The orc priest calls down the wrath of Beogh upon you.
Beogh smites you!
* * * LOW HITPOINT WARNING * * *
The orc priest begins to cast a cantrip, but forgets the words!
The orc warrior hits you but does no damage.
The orc priest looks braver for a moment.
The orc priest calls down the wrath of Beogh upon you.
Beogh smites you!
You die...

#.#.... #####.##o###
#....######.#.....o.....
#.)÷†.....#.###.##.###
#.#####.#########.#.........
#...............#.#o#..#.###
#######.###.#.#.#..o........
############.# #.#.#.###.##.#.###
.............# #.#.....#.##.#.#
.............# #@#######.##.#.#
.............# #..o....oo##.#.#
.............##############...###
................... ...K........
............################..#
.........[..'................>#
............#########.....#####
#####.÷...#........#......#
#...#.###.#.######.#†.....#


You could see an orc warrior and an orc priest.

Vanquished Creatures
  4 adders (D:2)
  3 oozes
  An adder zombie (D:1)
  A worm (D:2)
  A dart slug (D:1)
  2 leopard geckos
  3 bats (D:1)
  A bat zombie (D:1)
  5 giant cockroaches
  6 goblins
  3 hobgoblins (D:2)
  2 jackals (D:2)
  8 kobolds (D:1)
  A quokka (D:2)
  3 frilled lizards
  2 rats
46 creatures vanquished.

Notes
Turn   | Place    | Note
-------+----------+-------------------------------------------
     0 | D:1      | Starchild the Merfolk Skald began the quest for the Orb.
     0 | D:1      | Reached XP level 1. HP: 16/16 MP: 3/3
    47 | D:1      | Reached XP level 2. HP: 19/22 MP: 5/5
   142 | D:1      | Reached skill level 4 in Polearms
   287 | D:1      | Reached XP level 3. HP: 26/27 MP: 6/6
   291 | D:1      | Learned a level 2 spell: Song of Slaying
   294 | D:1      | Learned a level 2 spell: Shroud of Golubria
   419 | D:1      | Found a shattered altar of Ashenzari.
  1088 | D:2      | Reached skill level 5 in Polearms
  1196 | D:2      | Reached XP level 4. HP: 29/33 MP: 1/7
  1437 | D:2      | Reached skill level 6 in Polearms
  1522 | D:2      | Noticed an orc warrior
  1545 | D:2      | Killed from afar by an orc priest

Skill      XL: |  1  2  3  4 |
---------------+-------------+-----
Polearms       | 4 5 6 |  6.1
Charms         | 4 |  4.2
Fighting       | |  2.1
Armour         | |  0.6
Dodging        | |  2.6
Spellcasting   | |  2.0

Action                   |  1- 3 |  4- 6 || total
-------------------------+-------+-------++-------
Melee: Spear             |   129 |    46 ||   175
 Cast: Infusion          |     3 |     2 ||     5
       Song of Slaying   |     1 |       ||     1
       Shroud of Golubri |       |     1 ||     1
  Eat: Chunk             |     1 |     1 ||     2
Armor: Leather armour    |    33 |    10 ||    43
Dodge: Dodged            |    75 |    24 ||    99
